 Dungeon Crawl Stone Soup version 0.20.1-1-g8b1a95d (webtiles) character file.

16 Lanoc the Grave Robber (level 2, -2/19 HPs)
             Began as a Mummy Necromancer on Nov 21, 2017.
             Slain by an adder (4 damage)
             ... on level 2 of the Dungeon.
             The game lasted 00:04:56 (426 turns).

Lanoc the Grave Robber (Mummy Necromancer)           Turns: 426, Time: 00:04:57

Health: -2/19      AC:  2    Str: 11    XL:     2   Next: 41%
Magic:  5/6        EV: 12    Int: 14    God:
Gold:   32         SH:  0    Dex: 12    Spells: 5/7 levels left

rFire    x . .     SeeInvis .   f - +0 flail
rCold    + . .     Gourm    .   (no shield)
rNeg     + + +     Faith    .   a - +0 robe
rPois    ∞         Spirit   .   (no helmet)
rElec    .         Reflect  .   (no cloak)
rCorr    .         Harm     .   (no gloves)
MR       .....                  (no boots)
Stlth    ++........             (no amulet)
Regen    0.1/turn               (no ring)
MPRegen  0.1/turn               (no ring)

@: no status effects
A: no food or potions, fire vulnerability, cold resistance 1, negative energy
resistance 3, torment resistance, unbreathing
a: no special abilities


You were on level 2 of the Dungeon.
You were not hungry.

You visited 1 branch of the dungeon, and saw 2 of its levels.

You collected 32 gold pieces.

Inventory:

Hand Weapons
 f - a +0 flail (weapon)
Armour
 a - a +0 robe (worn)
Scrolls
 c - 3 scrolls of remove curse {unknown}
 d - a scroll of enchant armour {unknown}
 e - a scroll of immolation {unknown}
 g - a scroll of blinking {unknown}
Books
 b - a book of Necromancy

   Spells                             Type                      Level
   a - Pain                           Necromancy                   1
   b - Animate Skeleton               Necromancy                   1
   c - Vampiric Draining              Necromancy                   3
   d - Regeneration                   Charms/Necromancy            3
   e - Animate Dead                   Necromancy                   4
   f - Control Undead                 Necromancy                   4


   Skills:
 + Level 1.5 Dodging
 + Level 1.5 Stealth
 + Level 3.1 Spellcasting
 + Level 4.4 Necromancy


You had 5 spell levels left.
You knew the following spells:

 Your Spells              Type           Power        Failure   Level  Hunger
a - Pain                  Necr           ##..         3%          1    N/A
b - Animate Skeleton      Necr           N/A          3%          1    N/A

Dungeon Overview and Level Annotations

Branches:
Dungeon (2/15)

Altars:


Innate Abilities, Weirdness & Mutations

You do not eat or drink.
Your flesh is vulnerable to fire.
You are immune to poison.
Your flesh is cold resistant. (rC+)
You are immune to negative energy. (rN+++)
You are immune to unholy pain and torment.
You can survive without breathing.


Message History

The adder is moderately wounded.
The adder closely misses you. x2
Your kobold skeleton hits the adder with a short sword.
You barely miss the adder.
The adder is heavily wounded.
The adder bites you.
Your kobold skeleton barely misses the adder.
The adder closely misses you.
You hit the adder.
The adder is severely wounded.
The adder closely misses you.
Your kobold skeleton misses the adder.
The adder bites you.
* * * LOW HITPOINT WARNING * * *
Casting: Pain
Confirm with . or Enter, or press ? or * to list all spells.
Aiming: Pain
Press: ? - help, Shift-Dir - straight line, f - adder
Aim: an adder (severely wounded, chance to defeat MR: 79%)
The adder writhes in agony!
The adder bites you.
You die...

#.. .. #.## #..#
###### #
###(####....# .
.....##....########
###.#.##....@†.....#
#.%.........SZ.....#
##
#%#....###...†.....#
.# #.#...%#
#.......?.#
.####.#....#
#.........#
......#....#
#.........#
>######.#..#
#.........# .#
#.#.## #.........#
.# #.#>. ..........#


You could see an adder and a friendly kobold skeleton.

Vanquished Creatures
  A leopard gecko (D:1)
  2 goblins
  2 hobgoblins
  4 kobolds
  3 bats (D:1)
  A rat (D:1)
13 creatures vanquished.

Vanquished Creatures (collateral kills)
  A bat (D:2)
1 creature vanquished.

Grand Total: 14 creatures vanquished

Notes
Turn   | Place    | Note
-------+----------+-------------------------------------------
     0 | D:1      | Lanoc the Mummy Necromancer began the quest for the Orb.
     0 | D:1      | Reached XP level 1. HP: 13/13 MP: 4/4
   227 | D:1      | Reached XP level 2. HP: 19/19 MP: 1/5
   291 | D:2      | Learned a level 1 spell: Animate Skeleton
   426 | D:2      | Slain by an adder

Skill      XL: |  1  2 |
---------------+-------+-----
Spellcasting   | 3 |  3.1
Dodging        | |  1.5
Stealth        | |  1.5
Necromancy     | |  4.4

Action                   || total
-------------------------++-------
Melee: Unarmed           ||    15
       Flail             ||    12
 Cast: Pain              ||    19
       Animate Skeleton  ||     2
 Stab: Sleeping          ||     1
Armor: Robe              ||     9
Dodge: Dodged            ||    33
